 Dungeon Crawl Stone Soup version 0.24-a0-537-g2d01d4ab0a (webtiles) character file.

Game seed: 7768233098623016346

53 Esekla the Skirmisher (level 4, -1/37 HPs)
             Began as a Formicid Abyssal Knight on Aug 13, 2019.
             Was a Follower of Lugonu.
             Slain by an orc
             ... wielding a +0 club
              (6 damage)
             ... on level 3 of the Dungeon.
             The game lasted 00:12:19 (1665 turns).

Esekla the Skirmisher (Formicid Abyssal Knight)     Turns: 1665, Time: 00:12:19

Health: -1/37      AC:  3    Str: 17    XL:     4   Next: 11%
Magic:  5/5        EV: 11    Int: 12    God:    Lugonu [*.....]
Gold:   188        SH:  0    Dex: 10    Spells: 3/3 levels left

rFire    + . .     SeeInvis +   a - +1 spear
rCold    + . .     Gourm    .   (no shield)
rNeg     . . .     Faith    +   b - +0 leather armour
rPois    .         Spirit   .   (helmet unavailable)
rElec    .         Reflect  .   (no cloak)
rCorr    .         Harm     .   (no gloves)
MR       .....                  (no boots)
Stlth    +.........             u - amulet of faith
HPRegen  0.12/turn              m - ring of protection from fire
MPRegen  0.09/turn              q - ring of protection from cold

@: no status effects
A: permanent stasis, dig shafts and tunnels, four strong arms, antennae 3
a: Dig, Shaft Self, Depart the Abyss, Renounce Religion


You were on level 3 of the Dungeon.
You worshipped Lugonu.
Lugonu was aware of your devotion.
You were not hungry.

You visited 1 branch of the dungeon, and saw 4 of its levels.
You visited the Abyss 1 time.

You collected 188 gold pieces.

Inventory:

Hand Weapons
 a - a +1 spear (weapon)
Armour
 b - a +0 leather armour (worn)
Jewellery
 m - a ring of protection from fire (left hand)
 n - an uncursed ring of magical power
 q - a ring of protection from cold (right hand)
 u - an amulet of faith (around neck)
Scrolls
 d - a scroll of blinking {unknown}
 e - a scroll of immolation {unknown}
 f - 3 scrolls of identify
 g - 3 scrolls of remove curse {unknown}
 i - a scroll of amnesia {unknown}
 j - 3 scrolls of teleportation {unknown}
 k - a scroll of noise {unknown}
 l - a scroll of enchant armour {unknown}
 p - a scroll of enchant weapon {unknown}
 t - a scroll of fear {unknown}
Potions
 o - a potion of lignification
 r - a potion of heal wounds
 s - a potion of curing
Comestibles
 c - 4 rations


   Skills:
 + Level 3.6 Fighting
 * Level 3.0 Polearms
 + Level 1.0 Throwing
 + Level 2.7 Armour
 + Level 1.1 Dodging
 + Level 2.3 Invocations


You had 3 spell levels left.
You didn't know any spells.
Your spell library was empty.

Dungeon Overview and Level Annotations

Branches:
Dungeon (4/15)
 Temple: D:4-7

Altars:
Sif Muna
Yredelemnul


Innate Abilities, Weirdness & Mutations

You cannot be hasted, slowed, berserked, paralysed or teleported.
You can dig through walls and to a lower floor.
Your four strong arms can wield two-handed weapons with a shield.
You have a pair of large antennae on your head. (SInv)


Message History

An orc is nearby!
Attack whom?
Press: ? - help, Dir - move target cursor, f - orc
Aim: an orc, wielding a +0 club and wearing a +0 plate armour You reach to attack!
You hit the orc but do no damage. You hit the orc.
The orc is lightly wounded.
The orc hits you with a +0 club.
* * * LOW HITPOINT WARNING * * *
You hit the orc.
The orc is moderately wounded.
The orc barely misses you.
You barely miss the orc.
The orc is moderately wounded.
The orc hits you with a +0 club.
* * * LOW HITPOINT WARNING * * *
You hit the orc but do no damage.
The orc is moderately wounded.
The orc hits you with a +0 club.
You die...

#.................#
#.###############.#
#.#...........# #.#
#[#.#########.###.# #†#.#
#...#.##..#
######.#.#####.#.......#
#......#.....#.#...##..#
...###......#####.#.#....#..#####
.......>....'..o@......>.#..##...
..[###......#####.#.#....#.######
##.........##.#.#....#.#⌠⌠#
#..........##.#.#..<<###__##
#..........##.#.#.#.)# #..§#
#..........##...#....# #'§#
#..........########.####..#
#.....#........†.)....#...#
+.....'.................###


You could see an orc.

Vanquished Creatures
  2 adders (D:3)
  2 worms
  A dart slug (D:3)
  An orc (D:3)
  5 bats
  A giant cockroach (D:1)
  A goblin (D:1)
  3 jackals (D:1)
  4 kobolds
  2 ball pythons (D:2)
  A frilled lizard (D:3)
  5 rats
28 creatures vanquished.

Notes
Turn   | Place    | Note
-------+----------+-------------------------------------------
     0 | Abyss:1  | Esekla the Formicid Abyssal Knight began the quest for the
                  | Orb.
     0 | Abyss:1  | Reached XP level 1. HP: 18/18 MP: 2/2
   125 | Abyss:1  | Noticed a small abomination
   133 | Abyss:1  | Noticed a tentacled starspawn
   141 | D:1      | Escaped the Abyss
   436 | D:1      | Reached XP level 2. HP: 24/24 MP: 3/3
   505 | D:1      | Reached skill level 1 in Dodging
   614 | D:2      | Reached * piety under Lugonu
   814 | D:2      | Reached XP level 3. HP: 29/29 MP: 4/4
  1298 | D:3      | Found a shimmering blue altar of Sif Muna.
  1298 | D:3      | Found a basalt altar of Yredelemnul.
  1581 | D:4      | Noticed a scorpion
  1599 | D:3      | Reached skill level 1 in Throwing
  1599 | D:3      | Reached XP level 4. HP: 13/37 MP: 5/5
  1665 | D:3      | Slain by an orc

Levels and vault maps discovered:
D:1:      dpeg_arrival_circle_labyrinth_a, layout_rooms,
          hangedman_decor_opposing
D:2:      layout_rooms, minmay_misc_feat_square, minmay_curled_crystal
D:3:      layout_basic, gammafunk_temple_overflow_wave,
          nicolae_qazlal_style_of_elements, uniq_jessica
D:4:      layout_rooms, nicolae_overflow_hidden_temple,
          minmay_temple_entry_glassed_door, first_ration

Skill      XL: |  1  2  3 |
---------------+----------+-----
Dodging        | 1 |  1.1
Polearms       | 3 |  3.0
Throwing       | 1 |  1.0
Fighting       | |  3.6
Armour         | |  2.7
Invocations    | |  2.3

Action                   |  1- 3 |  4- 6 || total
-------------------------+-------+-------++-------
Melee: Spear             |   120 |     5 ||   125
Throw: Dart              |     9 |       ||     9
Invok: Depart the Abyss  |     1 |       ||     1
  Use: Scroll            |     3 |       ||     3
  Eat: Ration            |     1 |       ||     1
Armor: Leather armour    |    19 |       ||    19
Dodge: Dodged            |    74 |     1 ||    75

Table legend:
 A = Non-vault XP
 B = Vault XP
 C = Vault XP percentage of total XP
 D = Non-vault monster count
 E = Vault monster count
 F = Vault count percentage of total count
                 A         B        C        D         E       F
            +---------+---------+-------+---------+---------+-------
      Total |      77 |       0 |   0.0 |      28 |       0 |   0.0
            +---------+---------+-------+---------+---------+-------
        D:1 |      22 |       0 |   0.0 |      14 |       0 |   0.0
        D:2 |      14 |       0 |   0.0 |       7 |       0 |   0.0
        D:3 |      41 |       0 |   0.0 |       7 |       0 |   0.0
            +---------+---------+-------+---------+---------+-------
